 Dungeon Crawl Stone Soup version 0.26.1-11-gd32895ea62 (webtiles) character file.

Game seed: 17192559721275314220

361 cheap the Chopper (level 6, -4/56 HPs)
             Began as a Hill Orc Berserker on July 27, 2021.
             Was a Priest of Trog.
             Slain by Eustachio
             ... wielding a +0 rapier of electrocution
              (9 damage)
             ... on level 4 of the Dungeon.
             The game lasted 00:05:53 (5605 turns).

cheap the Chopper (Hill Orc Berserker)              Turns: 5605, Time: 00:05:54

Health: -4/56      AC:  7    Str: 22    XL:     6   Next: 66%
Magic:  6/6        EV: 11    Int:  7    God:    Trog [***...]
Gold:   180        SH:  0    Dex: 10    Spells: 5/5 levels left

rFire    . . .     SeeInvis .   a - +0 hand axe
rCold    . . .     Faith    .   (no shield)
rNeg     . . .     Spirit   .   n - +0 scale mail
rPois    .         Reflect  .   (no helmet)
rElec    .         Harm     .   (no cloak)
rCorr    .         Rampage  .   (no gloves)
Will     .....                  (no boots)
Stlth    ..........             (no amulet)
HPRegen  0.18/turn              (no ring)
MPRegen  0.10/turn              (no ring)

@: berserk cooldown, slowed, very slow
A: no striking features
a: Renounce Religion, Berserk, Trog's Hand


You were on level 4 of the Dungeon.
You worshipped Trog.
Trog was most pleased with you.
You visited 1 branch of the dungeon, and saw 4 of its levels.

You collected 180 gold pieces.

Inventory:

Hand Weapons
 a - a +0 hand axe (weapon)
Armour
 b - a +0 animal skin
 e - a +0 leather armour
 n - a +0 scale mail (worn)
Scrolls
 c - 2 scrolls of remove curse {unknown}
 d - a scroll of amnesia {unknown}
 f - a scroll of fear {unknown}
 i - 3 scrolls of identify {unknown}
 j - 2 scrolls of teleportation {unknown}
 k - 2 scrolls of magic mapping {unknown}
 l - 2 scrolls of enchant armour {unknown}
 o - 2 scrolls of enchant weapon {unknown}
Potions
 g - 3 potions of curing {unknown}
 h - 2 potions of magic {unknown}
 m - a potion of attraction {unknown}
 p - a potion of heal wounds {unknown}


   Skills:
 * Level 5.4 Fighting
 * Level 6.1 Axes
 * Level 4.3 Armour
 + Level 2.6 Dodging


You had 5 spell levels left.
You didn't know any spells.
Your spell library was empty.

Dungeon Overview and Level Annotations

Branches:
Dungeon (4/15)
 Temple: D:4-7

Altars:
Ashenzari

Annotations:
D:4 Eustachio


Message History

You closely miss Eustachio.
Eustachio is severely wounded.
Eustachio gestures wildly while chanting.
You hit Eustachio.
Eustachio is almost dead.
You closely miss the river rat. You completely miss the river rat.
Eustachio hits you but does no damage. The river rat closely misses you.
The river rat bites you. Eustachio hits you but does no damage.
You are electrocuted!!
* * * LOW HITPOINT WARNING * * *
You hit Eustachio.
Eustachio is almost dead.
You hit the river rat but do no damage. You closely miss the river rat.
The river rat bites you.
* * * LOW HITPOINT WARNING * * *
The river rat barely misses you.
Eustachio hits you with a +0 rapier of electrocution.
* * * LOW HITPOINT WARNING * * *
You are electrocuted!
You die... #... #.< #.. rhh

## #. #h# #. #. #h# #. .####.
#@####..# #. ......## #@r.....#
#. .......###r#####.# #.
#.)...# #. #..##.### #. #
#..##....# # #. ##.#
#..######>###. #.
#....#####..## ##.#.## #.
#............# ##.....#######.
#.#####.#....####............†#


You could see Eustachio, 2 river rats, a quokka and 4 jackals.

Vanquished Creatures
  The ghost of nedwor777 the Ruffian, an amateur DrTm of Okawaru (D:3)
  A hound (D:4)
  2 orc priests (D:3)
  2 hound skeletons
  Robin (D:3)
  5 adders
  5 worms
  A dart slug (D:2)
  4 leopard geckos
  2 orcs (D:3)
  8 bats
  6 giant cockroaches
  11 hobgoblins
  3 jackals (D:4)
  9 kobolds
  3 ball pythons
  7 frilled lizards
  15 goblins
  A leopard gecko skeleton (D:3)
  4 rats
91 creatures vanquished.

Vanquished Creatures (others)
  A plant (D:2)
1 creature vanquished.

Grand Total: 92 creatures vanquished

Notes
Turn   | Place    | Note
-------+----------+-------------------------------------------
     0 | D:1      | cheap the Hill Orc Berserker began the quest for the Orb.
     0 | D:1      | Reached XP level 1. HP: 19/19 MP: 1/1
   337 | D:1      | Reached XP level 2. HP: 25/27 MP: 2/2
  1167 | D:2      | Reached XP level 3. HP: 30/33 MP: 3/3
  1613 | D:2      | Reached ** piety under Trog
  2388 | D:2      | Reached XP level 4. HP: 24/40 MP: 4/4
  3106 | D:3      | Noticed Robin
  3114 | D:3      | Killed Robin
  3115 | D:3      | Reached skill level 5 in Axes
  3531 | D:3      | Reached XP level 5. HP: 28/41 MP: 5/5
  3826 | D:3      | Found a runed translucent door.
  3828 | D:3      | Noticed nedwor777's ghost (amateur DrTm)
  3858 | D:3      | Killed nedwor777's ghost
  3859 | D:3      | Reached skill level 5 in Fighting
  3859 | D:3      | Reached XP level 6. HP: 15/56 MP: 6/6
  4367 | D:3      | Found a broken altar of Ashenzari.
  4618 | D:3      | Reached *** piety under Trog
  5140 | D:4      | Reached skill level 6 in Axes
  5588 | D:4      | Noticed Eustachio
  5605 | D:4      | Slain by Eustachio

Illustrated notes

Levels and vault maps discovered:
D:1:      minmay_arrival_stair_chambers, layout_rooms, minmay_misc_feat_cross,
          minmay_crystal_room
D:2:      layout_loops_corners, minmay_misc_feat_roman, serial_bayou_crossing
D:3:      layout_loops_corners, lemuel_crystal_altar, ebering_ghost_sewer_d,
          uniq_robin
D:4:      layout_loops_ring, serial_shops, kennysheep_mini,
          uniq_crazy_yiuf_cottage, uniq_edmund, uniq_eustachio

Skill      XL: |  1  2  3  4  5  6 |
---------------+-------------------+-----
Fighting       | 4 5 |  5.4
Dodging        | 2 |  2.6
Armour         | 3 4 |  4.3
Axes           | 5 6 |  6.1

Action                   |  1- 3 |  4- 6 || total
-------------------------+-------+-------++-------
Melee: Hand axe          |   170 |   209 ||   379
Invok: Berserk           |       |     2 ||     2
Armor: Animal skin       |     5 |       ||     5
       Leather armour    |    31 |    11 ||    42
       Scale mail        |       |    59 ||    59
Dodge: Dodged            |   120 |   104 ||   224
